 Dungeon Crawl Stone Soup version 0.30.1-4-g462c640d31 (webtiles) character file.

Game seed: 5341542850310051943

646 Almogavar the Stinger (level 7, -10/51 HPs)
             Began as a Gnoll Wanderer on Sept 17, 2023.
             Was an Initiate of the Shining One.
             Mangled by an ogre
             ... wielding a +0 giant spiked club
              (36 damage)
             ... on level 5 of the Dungeon.
             The game lasted 00:15:45 (5469 turns).

Almogavar the Stinger (Gnoll Wanderer)              Turns: 5469, Time: 00:15:46

Health: -10/51     AC: 11    Str: 13    XL:     7   Next: 52%
Magic:  13/15      EV: 11    Int: 15    God:    the Shining One [......]
Gold:   139        SH:  0    Dex:  8    Spells: 16/17 levels left

rFire   . . .        p - +0 long sword
rCold   . . .        (no shield)
rNeg    + . .        n - +2 leather armour {rN+}
rPois   .            o - +0 helmet
rElec   .            g - scarf {harm}
rCorr   .            j - +0 pair of gloves
SInv    .            (no boots)
Will    +....        (no amulet)
Stlth   +            w - +4 ring of protection
HPRegen 0.28/turn    r - ring of willpower
MPRegen 0.14/turn

%: harm (+30% outgoing, +20% incoming)
@: glowing
A: fangs 1, strong nose, distributed training
a: Renounce Religion


You were on level 5 of the Dungeon.
You worshipped the Shining One.
The Shining One was noncommittal.
You visited 2 branches of the dungeon, and saw 6 of its levels.

You collected 139 gold pieces.

Inventory:

Hand Weapons
 f - a +0 dagger
 p - a +0 long sword (weapon)
Missiles
 A - a boomerang
Armour
 c - a +0 scale mail
 g - a scarf of harm (worn)
 j - a +0 pair of gloves (worn)
 n - a +2 leather armour of positive energy (worn)
 o - a +0 helmet (worn)
Jewellery
 a - a +6 ring of strength
 h - a ring of poison resistance
 r - a ring of willpower (right hand)
 w - a +4 ring of protection (left hand)
 y - a +6 ring of intelligence
Wands
 z - a wand of acid (4)
 C - a wand of paralysis (8)
Scrolls
 i - a scroll of poison {unknown}
 q - a scroll of enchant armour {unknown}
 s - 5 scrolls of teleportation {unknown}
 t - a scroll of enchant weapon {unknown}
 u - a scroll of amnesia {unknown}
 x - a scroll of magic mapping {unknown}
 D - a scroll of torment {unknown}
Potions
 b - 3 potions of lignification
 d - 6 potions of curing
 e - a potion of ambrosia
 k - 2 potions of heal wounds {unknown}
 l - a potion of magic {unknown}
 m - a potion of haste {unknown}
 v - a potion of brilliance {unknown}
 B - 2 potions of cancellation {unknown}


   Skills:
 + Level 2.6 Fighting
 + Level 2.6 Short Blades
 + Level 2.6 Long Blades
 + Level 2.6 Axes
 + Level 2.6 Maces & Flails
 + Level 2.6 Polearms
 + Level 2.6 Staves
 + Level 2.6 Ranged Weapons
 + Level 2.6 Throwing
 + Level 3.7 Armour
 + Level 2.6 Dodging
 + Level 3.6 Stealth
 + Level 2.6 Shields
 + Level 2.6 Unarmed Combat
 + Level 5.7 Spellcasting
 + Level 2.1 Conjurations
 + Level 2.1 Hexes
 + Level 2.1 Summonings
 + Level 2.1 Necromancy
 + Level 2.1 Translocations
 + Level 2.1 Transmutations
 + Level 2.1 Fire Magic
 + Level 4.4 Ice Magic
 + Level 2.1 Air Magic
 + Level 2.1 Earth Magic
 + Level 5.9 Poison Magic
 + Level 4.0 Invocations
 + Level 2.6 Evocations


You had 16 spell levels left.
You knew the following spells:

 Your Spells              Type           Power      Damage    Failure   Level
a - Freeze                Ice            68%        1d8       3%          1

Your spell library contained the following spells:

 Spells                   Type           Power      Damage    Failure   Level
 Poisonous Vapours        Pois/Air       32%        N/A       5%          2
 Cigotuvi's Dreadful Rot  Necr/Pois/Air  28%        N/A       7%          2
 Frozen Ramparts          Ice            34%        1d6       9%          3
 Hailstorm                Conj/Ice       14%        3d5       14%         3


Dungeon Overview and Level Annotations

Branches:
Dungeon (5/15)             Temple (1/1) D:5

Altars:
Ashenzari
Cheibriados
Dithmenos
Fedhas
Kikubaaqudgha
Makhleb
Qazlal
Ru
Sif Muna
Uskayaw
Wu Jian
Xom
Zin
The Shining One

Shops:
D:4 :[


Innate Abilities, Weirdness & Mutations

You have very sharp teeth.
Your uncanny sense of smell can sniff out nearby items.
Your experience applies equally to all skills.


Message History

Casting: Freeze (safe; 3% risk of failure)
Confirm with . or Enter, or press ? or * to list all spells.
Aiming: Freeze (safe; 3% risk of failure)
Press: ? - help, Shift-Dir - straight line, f/p - ogre
Aim: an ogre, wielding a +0 giant spiked club (lightly wounded)
You freeze the ogre.
The ogre is lightly wounded.
The ogre hits you with a +0 giant spiked club!!
Casting: Freeze (safe; 3% risk of failure)
Confirm with . or Enter, or press ? or * to list all spells.
Aiming: Freeze (safe; 3% risk of failure)
Press: ? - help, Shift-Dir - straight line, f/p - ogre
Aim: an ogre, wielding a +0 giant spiked club (lightly wounded)
You freeze the ogre.
The ogre is moderately wounded.
You barely miss the ogre.
The ogre is moderately wounded.
The ogre closely misses you.
You hit the ogre but do no damage.
The ogre is moderately wounded.
The ogre hits you with a +0 giant spiked club.
You barely miss the ogre.
The ogre is moderately wounded.
The ogre barely misses you.
You slash the ogre!
The ogre is severely wounded.
The ogre barely misses you.
You barely miss the ogre.
The ogre is severely wounded.
The ogre closely misses you.
You hit the ogre but do no damage.
The ogre is severely wounded.
You closely miss the ogre. Your punch misses the ogre.
The ogre is severely wounded.
The ogre barely misses you.
You hit the ogre.
The ogre is severely wounded.
The ogre hits you with a +0 giant spiked club!!
Ouch! That really hurt!
You die...

##.### #....
..... ... ...
.# #.###....
#.O.....# #@#
#.# #.# #.# ###
#.# ##.## #.#
##.#.## #.#
##.###.##
######.## #.##
##.###...#...##


You could see an ogre.

Vanquished Creatures
  Grinder (D:3)
  2 phantoms
  A hound (D:5)
  Natasha (thrice) (D:2)
  An iguana (D:5)
  An orc wizard (D:2)
  4 adders
  A worm (D:2)
  A dart slug (D:1)
  16 orcs
  11 endoplasms
  3 giant cockroaches
  4 hobgoblins
  11 jackals
  4 quokkas
  6 ball pythons
  2 bats
  3 frilled lizards
  8 goblins
  7 kobolds
  3 rats
93 creatures vanquished.

Notes
Turn   | Place    | Note
-------+----------+-------------------------------------------
     0 | D:1      | Almogavar the Gnoll Wanderer began the quest for the Orb.
     0 | D:1      | Almogavar set off with the following items: a +0 club, a
                  | potion of lignification, a +0 scale mail; and the following
                  | spell memorised: Freeze; and the following spells available
                  | to memorise: Poisonous Vapours, Frozen Ramparts, Cigotuvi's
                  | Dreadful Rot, Hailstorm.
     0 | D:1      | Reached XP level 1. HP: 13/13 MP: 6/6
   254 | D:1      | Noticed a golden eye
   255 | D:1      | Found a faded altar of an unknown god.
   299 | D:1      | Noticed an eye of devastation
   299 | D:1      | Noticed a great orb of eyes
   299 | D:1      | Noticed an eye of devastation
   309 | D:1      | Reached XP level 2. HP: 19/19 MP: 3/7
   552 | D:1      | HP: 1/20 [jackal (2)]
   837 | D:2      | Reached skill level 5 in Spellcasting
   837 | D:2      | Reached XP level 3. HP: 25/25 MP: 4/9
  1285 | D:2      | Reached skill level 1 in Fighting
  1285 | D:2      | Reached skill level 1 in Short Blades
  1285 | D:2      | Reached skill level 1 in Long Blades
  1285 | D:2      | Reached skill level 1 in Axes
  1285 | D:2      | Reached skill level 1 in Maces & Flails
  1285 | D:2      | Reached skill level 1 in Polearms
  1285 | D:2      | Reached skill level 1 in Staves
  1285 | D:2      | Reached skill level 1 in Ranged Weapons
  1285 | D:2      | Reached skill level 1 in Throwing
  1285 | D:2      | Reached skill level 1 in Dodging
  1285 | D:2      | Reached skill level 1 in Shields
  1285 | D:2      | Reached skill level 1 in Unarmed Combat
  1285 | D:2      | Reached skill level 1 in Evocations
  1551 | D:2      | Noticed Natasha
  1562 | D:2      | Killed Natasha
  1563 | D:2      | Reached XP level 4. HP: 15/32 MP: 2/11
  1664 | D:2      | Reached skill level 1 in Conjurations
  1664 | D:2      | Reached skill level 1 in Hexes
  1664 | D:2      | Reached skill level 1 in Summonings
  1664 | D:2      | Reached skill level 1 in Necromancy
  1664 | D:2      | Reached skill level 1 in Translocations
  1664 | D:2      | Reached skill level 1 in Transmutations
  1664 | D:2      | Reached skill level 1 in Fire Magic
  1664 | D:2      | Reached skill level 1 in Air Magic
  1664 | D:2      | Reached skill level 1 in Earth Magic
  1828 | D:2      | Reached XP level 5. HP: 7/37 MP: 9/12
  2084 | D:2      | Noticed Natasha
  2095 | D:2      | Killed Natasha
  2331 | D:2      | Noticed Natasha
  2337 | D:2      | Killed Natasha
  2439 | D:3      | Found an ancient bone altar of Kikubaaqudgha.
  3002 | D:3      | Noticed Grinder
  3014 | D:3      | Paralysed by Grinder for 2 turns
  3030 | D:3      | Killed Grinder
  3031 | D:3      | Reached XP level 6. HP: 7/44 MP: 3/14
  3778 | D:4      | Found Saun's Book Boutique.
  4075 | D:4      | Found Ceateigg's Antique Armour Emporium.
  4276 | D:4      | Reached XP level 7. HP: 27/51 MP: 10/15
  4513 | D:5      | Entered Level 5 of the Dungeon
  4521 | D:5      | Found a staircase to the Ecumenical Temple.
  4528 | Temple   | Entered the Ecumenical Temple
  4843 | Temple   | Became a worshipper of the Shining One
  5469 | D:5      | Mangled by an ogre

Illustrated notes

Levels and vault maps discovered:
D:1:      dpeg_arrival_castle, layout_rooms,
          hellmonk_ecumenical_altar_watching_god
D:2:      layout_loops_corners, uniq_natasha
D:3:      layout_basic, overflow_temple_1_default, hex_large, uniq_grinder
D:4:      layout_cave_pods, serial_shops, kennysheep_mini,
          nicolae_shop_rolling_square
D:5:      layout_loops_corners, minmay_temple_entry_overgrown, serial_shops,
          nicolae_shop_hallway_stairs, uniq_menkaure
Temple:   compressed_dpeg_triangle_lava_temple

Skill      XL: |  1  2  3  4  5  6  7 |
---------------+----------------------+-----
Spellcasting   | 5 |  5.7
Fighting       | 1 2 |  2.6
Short Blades   | 1 2 |  2.6
Long Blades    | 1 2 |  2.6
Axes           | 1 2 |  2.6
Maces & Flails | 1 2 |  2.6
Polearms       | 1 2 |  2.6
Staves         | 1 2 |  2.6
Ranged Weapons | 1 2 |  2.6
Throwing       | 1 2 |  2.6
Dodging        | 1 2 |  2.6
Shields        | 1 2 |  2.6
Unarmed Combat | 1 2 |  2.6
Evocations     | 1 2 |  2.6
Conjurations   | 1 2 |  2.1
Hexes          | 1 2 |  2.1
Summonings     | 1 2 |  2.1
Necromancy     | 1 2 |  2.1
Translocations | 1 2 |  2.1
Transmutations | 1 2 |  2.1
Fire Magic     | 1 2 |  2.1
Air Magic      | 1 2 |  2.1
Earth Magic    | 1 2 |  2.1
Invocations    | 3 4 |  4.0
Armour         | 3 |  3.7
Ice Magic      | 4 |  4.4
Stealth        | 3 |  3.6
Poison Magic   | |  5.9

Action                     |  1- 3 |  4- 6 |  7- 9 || total
---------------------------+-------+-------+-------++-------
  Melee: Club              |    36 |       |       ||    36
         Bite              |     6 |    17 |     5 ||    28
         Punch             |     1 |     1 |       ||     2
         Whip              |     6 |       |       ||     6
         Long sword        |     3 |   137 |    65 ||   205
   Cast: Freeze            |    47 |    61 |     8 ||   116
    Use: Scroll            |       |     5 |       ||     5
 Armour: Scale mail        |    42 |       |       ||    42
         Leather armour    |       |    72 |    24 ||    96
  Dodge: Dodged            |    45 |   129 |    44 ||   218
